 Dungeon Crawl Stone Soup version 0.19.0-9-gfd783f2 (webtiles) character file.

44 Chiseanne the Ducker (level 3, -1/24 HPs)
             Began as a High Elf Artificer on Nov 7, 2016.
             Slain by an adder (2 damage)
             ... on level 2 of the Dungeon.
             The game lasted 00:02:10 (1394 turns).

Chiseanne the Ducker (High Elf Artificer)           Turns: 1394, Time: 00:02:12

Health: -1/24      AC:  5    Str: 11    XL:     3   Next: 41%
Magic:  6/6        EV: 12    Int: 15    God:
Gold:   67         SH:  0    Dex: 16    Spells: 0 memorised, 2 levels left

rFire  + . .     SeeInvis .     a - +0 short sword
rCold  . . .     Gourm    .     p - +0 ring mail
rNeg   . . .     Faith    .     (no shield)
rPois  .         Spirit   .     (no helmet)
rElec  .         Reflect  .     (no cloak)
rCorr  .         Harm     .     (no gloves)
MR     .....     Clarity  +     (no boots)
Stlth  +.........               (no amulet)
                                (no ring)
                                k - ring of protection from fire

@: lethally poisoned (-1 -> -12)
A: clarity
a: no special abilities


You were on level 2 of the Dungeon.
You were not hungry.

You visited 1 branch of the dungeon, and saw 2 of its levels.

You collected 67 gold pieces.

Inventory:

Hand Weapons
 a - a +0 short sword (weapon)
 q - a cursed -3 falchion
Missiles
 g - 37 arrows
 o - 12 stones (quivered)
Armour
 p - a +0 ring mail (worn)
Jewellery
 k - a ring of protection from fire (left hand)
Wands
 b - a wand of polymorph (14/24)
 c - a wand of flame (14/48)
 d - a wand of enslavement (12/24)
 e - a wand of random effects (14/48)
Scrolls
 n - a scroll of random uselessness {unknown}
Potions
 m - a potion of curing {unknown}
Comestibles
 f - a bread ration
 h - 3 chunks of flesh
 i - a meat ration
 l - 2 beef jerkies


   Skills:
 * Level 2.1 Fighting
 - Level 1.2 Short Blades
 * Level 0.5 Armour
 * Level 3.4 Dodging
 - Level 1.1 Stealth
 - Level 3.0 Evocations


You had 2 spell levels left.
You didn't know any spells.

Dungeon Overview and Level Annotations

Branches:
Dungeon (2/15)

Altars:
Ashenzari


Innate Abilities, Weirdness & Mutations

You possess an exceptional clarity of mind.


Message History

You are too injured to fight recklessly!
You are too injured to fight recklessly!
Evoke which item? (* to show all) (? for menu, Esc to quit)
Zapping:
d - a wand of enslavement (13/24)
Press: ? - help, Shift-Dir - straight line, f - adder
Aim: an adder (heavily wounded, chance to defeat MR: 61%)
The adder is charmed.
This wand has 12 charges left.
* * * LOW HITPOINT WARNING * * *
You feel sick. The adder bites you.
* * * LOW HITPOINT WARNING * * *
The bat barely misses your adder. The adder bites you.
* * * LOW HITPOINT WARNING * * *
You are more poisoned.
The adder poisons you!
It was a potion of beneficial mutation.
Your thoughts seem clearer.
You feel fantastic!
* * * LOW HITPOINT WARNING * * *
You feel sick. The bat closely misses your adder. The adder bites you.
You die...

.......<.###....
....#####.#.##.# . ...
#.#.# #..##.#$#
#.=##.#.# #..##.#.#
#####..##.#.#
..........#.#
...(.bS@....####
.####.S###.....# #..
#..##.# #.. #...#.# ##
$.. ##.....#######.#
..................<#.
.....#......########.#
.#...#.......#.........
...........######.#


You could see an adder, a bat and a friendly adder.

Vanquished Creatures
  Terence (D:2)
  An ooze (D:1)
  A worm (D:2)
  2 dart slugs (D:2)
  5 goblins (D:1)
  3 hobgoblins (D:1)
  2 kobolds (D:1)
  A quokka (D:1)
  A bat (D:1)
  A frilled lizard (D:1)
  4 rats (D:1)
22 creatures vanquished.

Vanquished Creatures (collateral kills)
  A giant cockroach (D:2)
  2 frilled lizards
3 creatures vanquished.

Vanquished Creatures (others)
  A goblin (D:1)
1 creature vanquished.

Grand Total: 26 creatures vanquished

Notes
Turn   | Place    | Note
-------+----------+-------------------------------------------
     0 | D:1      | Chiseanne the High Elf Artificer began the quest for the Orb.
     0 | D:1      | Reached XP level 1. HP: 13/13 MP: 4/4
   435 | D:1      | Found a shattered altar of Ashenzari.
   483 | D:1      | Reached XP level 2. HP: 17/18 MP: 5/5
  1029 | D:2      | Noticed Terence
  1068 | D:2      | Killed Terence
  1068 | D:2      | Reached XP level 3. HP: 24/24 MP: 6/6
  1394 | D:2      | Gained mutation: You possess an exceptional clarity of mind. [potion of beneficial mutation]
  1394 | D:2      | HP: 1/24 [poisoned by an adder]
  1394 | D:2      | Slain by an adder

Skill      XL: |  1  2 |
---------------+-------+-----
Dodging        | 3 |  3.4
Fighting       | 2 |  2.1
Short Blades   | |  1.2
Armour         | |  0.5
Stealth        | |  1.1
Evocations     | |  3.0

Action                   || total
-------------------------++-------
Melee: Short sword       ||   104
Evoke: Wand              ||     5
  Use: Scroll            ||     1
       Potion            ||     1
 Stab: Paralysed         ||     3
  Eat: Chunk             ||     2
Armor: Leather armour    ||    13
       Ring mail         ||    12
Dodge: Dodged            ||    82
